 Dungeon Crawl Stone Soup version 0.24.0-125-gc4c63601f3 (webtiles) character file.

Game seed: 1133093013062578936, levelgen mode: deterministic

319 Frank2 the Cudgeler (level 6, -2/46 HPs)
             Began as a Demonspawn Gladiator on Mar 11, 2020.
             Slain by a green very ugly thing (11 damage)
             ... on level 1 of the Abyss.
             The game lasted 00:05:17 (3348 turns).

Frank2 the Cudgeler (Demonspawn Gladiator)          Turns: 3348, Time: 00:05:18

Health: -2/46      AC: 10    Str: 14    XL:     6   Next: 21%
Magic:  2/6        EV: 12    Int:  9    God:
Gold:   249        SH:  0    Dex: 17    Spells: 5/5 levels left

rFire    . . .     SeeInvis .   a - +0 flail
rCold    . . .     Gourm    .   (no shield)
rNeg     . . .     Faith    .   i - +0 ring mail
rPois    .         Spirit   .   c - +0 helmet
rElec    .         Reflect  .   (no cloak)
rCorr    .         Harm     .   m - +0 pair of gloves
MR       +....                  l - +0 pair of boots
Stlth    ..........             (no amulet)
HPRegen  0.15/turn              h - ring of protection from magic
MPRegen  0.10/turn              (no ring)

@: confused, invisible
A: talons 2, molten scales 1
a: no special abilities


You were on level 1 of the Abyss.
You were very hungry.

You visited 1 branch of the dungeon, and saw 3 of its levels.
You visited the Abyss 1 time.

You collected 249 gold pieces.

Inventory:

Hand Weapons
 a - a +0 flail (weapon)
Missiles
 d - a throwing net (quivered)
Armour
 c - a +0 helmet (worn)
 i - a +0 ring mail (worn)
 l - a +0 pair of boots (worn)
 m - a +0 pair of gloves (worn)
Jewellery
 h - a ring of protection from magic (left hand)
Scrolls
 b - 3 scrolls of identify
 g - 2 scrolls of remove curse
 q - a scroll of teleportation {unknown}
Potions
 e - a potion of curing {unknown}
 j - a potion of invisibility
 k - a potion of resistance {unknown}
 n - a potion of heal wounds {unknown}
 o - 2 potions of cancellation {unknown}
 p - a potion of ambrosia {unknown}
Comestibles
 f - 7 rations


   Skills:
 + Level 2.9 Fighting
 + Level 4.9 Maces & Flails
 - Level 1.7 Throwing
 + Level 1.8 Armour
 + Level 3.8 Dodging


You had 5 spell levels left.
You didn't know any spells.
Your spell library was empty.

Dungeon Overview and Level Annotations

Branches:
Dungeon (3/15)

Altars:
Elyvilon
Okawaru

Annotations:
D:3 3 runed translucent doors, Maplein's ghost, amateur HaWr; Maplein's ghost, weakling HaWr


Innate Abilities, Weirdness & Mutations

You have razor-sharp toenails.
You are partially covered in molten scales. (AC +2)


Message History

Found a scroll of remove curse.
The great orb of eyes gazes at you. You resist with some effort.
You see here a scroll labeled NYVYT JEGEFYIN.
g - 2 scrolls of remove curse (gained 1)
There are no items here.
Found 13 gold pieces.
Found a quarterstaff. 2 very ugly things come into view.
A green very ugly thing comes into view.
You see here 13 gold pieces.
You now have 249 gold pieces (gained 13).
The green very ugly thing gurgles horribly!
The great orb of eyes gazes at you.
You are confused.
You bump into the crystal wall.
It was a potion of invisibility.
You fade into invisibility!
The green very ugly thing headbutts you!
You die...

u. . u# .## #
... #.# .# ##
#...####.###
..# #..@u...##.
. .#
#..##.##).....
# ###
#.G..#..##. #.
. ###.#.#.###
.#....#... .#
.. .
...........#
#.#
.####..####...#
. # . ###.. .#
.. #.#_ #.#?
.#.


You could see a green very ugly thing and a great orb of eyes.

Vanquished Creatures
  2 big kobolds (D:3)
  3 gnolls (D:3)
  3 adders
  A worm (D:2)
  2 dart slugs
  2 leopard geckos
  2 orcs (D:3)
  3 ball pythons
  7 bats
  A giant cockroach (D:2)
  10 goblins
  11 hobgoblins
  6 jackals (D:2)
  2 quokkas
  4 frilled lizards
  48 kobolds
  7 rats
114 creatures vanquished.

Vanquished Creatures (others)
  3 withered plants (D:3)
3 creatures vanquished.

Grand Total: 117 creatures vanquished

Notes
Turn   | Place    | Note
-------+----------+-------------------------------------------
     0 | D:1      | Frank2 the Demonspawn Gladiator began the quest for the
                  | Orb.
     0 | D:1      | Reached XP level 1. HP: 16/16 MP: 1/1
   229 | D:1      | Reached skill level 3 in Maces & Flails
   229 | D:1      | Gained mutation: You have sharp toenails. [demonic
                  | ancestry]
   229 | D:1      | Reached XP level 2. HP: 14/22 MP: 2/2
  1233 | D:2      | Gained mutation: You are partially covered in molten
                  | scales. (AC +2) [demonic ancestry]
  1233 | D:2      | Reached XP level 3. HP: 22/27 MP: 3/3
  1629 | D:2      | Reached XP level 4. HP: 17/33 MP: 4/4
  1994 | D:3      | Found a runed translucent gate.
  1995 | D:3      | Found a runed translucent gate.
  1997 | D:3      | Found a runed translucent gate.
  1998 | D:3      | Noticed Maplein's ghost (weakling HaWr)
  1998 | D:3      | Noticed Maplein's ghost (amateur HaWr)
  2027 | D:3      | Found an iron altar of Okawaru.
  2302 | D:3      | Reached skill level 4 in Maces & Flails
  2419 | D:3      | Noticed a big kobold
  2437 | D:3      | Killed a big kobold
  2437 | D:3      | Reached skill level 1 in Armour
  2437 | D:3      | Gained mutation: You have razor-sharp toenails. [demonic
                  | ancestry]
  2437 | D:3      | Reached XP level 5. HP: 19/39 MP: 5/5
  2758 | D:3      | Reached XP level 6. HP: 30/46 MP: 6/6
  2862 | D:3      | Found a white marble altar of Elyvilon.
  3308 | D:3      | Cast into level 1 of the Abyss (big kobold)
  3311 | Abyss:1  | Noticed a great orb of eyes
  3326 | Abyss:1  | Found a stormy altar of Qazlal.
  3342 | Abyss:1  | Noticed a green very ugly thing
  3342 | Abyss:1  | Noticed a green very ugly thing
  3342 | Abyss:1  | Noticed a green very ugly thing
  3348 | Abyss:1  | Slain by a green very ugly thing

Levels and vault maps discovered:
D:1:      eino_arrival_tree_alley, layout_basic, patterned_corridor
D:2:      layout_basic, first_ration, st_stairs_5
D:3:      minmay_goblin_kobold_castle, layout_rooms, okawaru_gym_becter,
          nicolae_overflow_crystal_walls, gammafunk_ghost_cemetery
Abyss:1:  base:
D:1

Skill      XL: |  1  2  3  4 |
---------------+-------------+-----
Maces & Flails | 3 4 |  4.9
Dodging        | 3 |  3.8
Armour         | 1 |  1.8
Fighting       | |  2.9
Throwing       | |  1.7

Action                   |  1- 3 |  4- 6 || total
-------------------------+-------+-------++-------
Melee: Flail             |    98 |   266 ||   364
       Kick              |    10 |       ||    10
Throw: Throwing net      |       |     2 ||     2
  Use: Potion            |       |     3 ||     3
       Scroll            |       |     5 ||     5
 Stab: Held in net/web   |       |     1 ||     1
  Eat: Chunk             |     2 |     5 ||     7
Armor: Leather armour    |     8 |       ||     8
       Ring mail         |    33 |   164 ||   197
       Skin              |       |    10 ||    10
Dodge: Dodged            |    75 |   287 ||   362
